 Dungeon Crawl Stone Soup version 0.20.1-1-g8b1a95d (webtiles) character file.

7397 kae the Spear-Bearer (level 11, -1/108 HPs)
             Began as a Gargoyle Fighter on Sept 17, 2017.
             Was an Elder of Okawaru.
             Slain by a six-headed hydra (6 damage)
             ... on level 9 of the Dungeon.
             The game lasted 00:17:33 (11065 turns).

kae the Spear-Bearer (Gargoyle Fighter)            Turns: 11065, Time: 00:17:33

Health: -1/108     AC: 25    Str: 22    XL:     11   Next: 14%
Magic:  4/11       EV:  2    Int: 14    God:    Okawaru [****..]
Gold:   543        SH:  0    Dex: 10    Spells: 10/10 levels left

rFire    . . .     SeeInvis +   a - +5 scythe (venom)
rCold    . . .     Gourm    .   (shield currently unavailable)
rNeg     + + +     Faith    .   (armour currently unavailable)
rPois    ∞         Spirit   .   (helmet currently unavailable)
rElec    .         Reflect  .   (cloak currently unavailable)
rCorr    .         Harm     .   (gloves currently unavailable)
MR       .....     Clarity  +   (boots currently unavailable) Stlth +++.......NoTele +
                                (no amulet)
Regen    0.3/turn               g - ring of see invisible
MPRegen  0.2/turn               (no ring)

@: brilliant, tree-form, heroism
A: clarity, negative energy resistance 1, petrification resistance, rot
immunity, AC +7
a: Heroism, Renounce Religion


You were on level 9 of the Dungeon.
You worshipped Okawaru.
Okawaru was greatly pleased with you.
You were not hungry.
You were a tree.
You visited 2 branches of the dungeon, and saw 10 of its levels.

You collected 543 gold pieces.

Inventory:

Hand Weapons
 a - a +5 scythe of venom (weapon)
 b - a +0 spear
 h - a +1 halberd of chopping
 A - a +0 flail
Armour
 c - a +0 shield
 e - a +1 pair of gloves (melded)
 q - a +0 scale mail (melded)
 t - the scarf "Fufozele" {rF++ rC+, unknown}
   (You found it on level 9 of the Dungeon)

   It greatly protects you from fire.
   It protects you from cold.
 D - a +2 cloak (melded)
Jewellery
 g - a ring of see invisible (left branch)
 k - an uncursed ring of magical power {unknown}
 m - an uncursed amulet of faith
 n - an uncursed amulet of faith
 B - an uncursed ring of fire
Wands
 i - a wand of random effects (14/48)
 x - a wand of lightning (8/15)
 E - a wand of random effects (26/48)
 F - a wand of enslavement (12/24)
 H - a wand of iceblast (6/15)
 I - a wand of polymorph (15/24)
Scrolls
 j - 3 scrolls of recharging
 r - 3 scrolls of magic mapping
 s - 5 scrolls of remove curse
Potions
 d - a potion of lignification
 o - a potion of resistance
 p - a potion of agility
 u - a potion of cancellation
 v - 2 potions of brilliance
 w - 3 potions of curing
 C - 2 potions of mutation
Books
 y - a Young Poisoner's Handbook

   Spells                             Type                      Level
   a - Sting                          Conjuration/Poison           1
   b - Poisonous Vapours              Poison/Air                   2
   c - Mephitic Cloud                 Conjuration/Poison/Air       3
   d - Olgreb's Toxic Radiance        Poison                       4
   e - Venom Bolt                     Conjuration/Poison           5
Comestibles
 f - 5 bread rations
 l - 6 meat rations
 z - 2 chunks of flesh
 G - a royal jelly
 L - 2 fruits


   Skills:
 + Level 9.8(14.8) Fighting
 - Level 4.5(9.5) Maces & Flails
 * Level 10.2(15.2) Polearms
 + Level 9.8(14.8) Armour
 - Level 3.2(8.2) Shields


You had 10 spell levels left.
You didn't know any spells.

Dungeon Overview and Level Annotations

Branches:
Dungeon (9/15)             Temple (1/1) D:4            Lair (0/6) D:8
    Orc: D:9-12

Altars:
Ashenzari
Cheibriados
Dithmenos
Elyvilon
Fedhas
Gozag
Hepliaklqana
Kikubaaqudgha
Makhleb
Nemelex Xobeh
Okawaru
Qazlal
Ru
Sif Muna
Trog
Uskayaw
Vehumet
Xom
Yredelemnul
Zin
The Shining One

Shops:
D:7 (


Innate Abilities, Weirdness & Mutations

You are resistant to torment.
((Your stone body is resilient. (AC +7)))
You are immune to poison.
You resist negative energy. (rN+)
((You are resistant to electric shocks. (rElec)))
((You can survive without breathing.))
You are immune to petrification.
You are immune to rotting.
You possess an exceptional clarity of mind.
((Your flesh is cold resistant. (rC+)))
((You are covered in fur. (AC +1)))


Message History

The six-headed hydra bites you.
* * * LOW HITPOINT WARNING * * *
The six-headed hydra bites you.
* * * LOW HITPOINT WARNING * * *
The six-headed hydra barely misses you. The six-headed hydra bites you.
* * * LOW HITPOINT WARNING * * *
Okay, then.
Okay, then.
Okay, then.
You turn into a tree.
Your +2 cloak melds into your body.
Your +1 pair of gloves melds into your body.
Your +0 scale mail melds into your body.
Your roots penetrate the ground.
The six-headed hydra bites you but does no damage.
The six-headed hydra bites you.
* * * LOW HITPOINT WARNING * * *
The six-headed hydra bites you but does no damage. x4
You gain the combat prowess of a mighty hero.
The six-headed hydra bites you.
You die...

#.....................#.....#
#.....................#......
#.....................#......
#####...##########........#......
........#........#........'......
........#........#.......(#..####
....#####........#.....)..#..#...
##.D#............#.#####(.#..#...
.#..#>.........D♣#.'...#..#..#...
.#..#.)..........#.#...#<.#..'...
.#..(............#.#...#(.#..####
.#.(#.(.(........#.#...#..#......
.#..#####.......##.#####..#......
.#......#.......#.........#....<.
.#......#####...##........#######
.#..........#....#............[..
##..........#....#...............


You could see a six-headed hydra.

Vanquished Creatures
  2 two-headed ogres (D:8)
  A centaur warrior (D:9)
  Prince Ribbit (D:9)
  2 hippogriffs (D:9)
  5 slime creatures
  A wyvern (D:9)
  Sigmund (D:2)
  A water moccasin (D:6)
  An orc warrior (D:8)
  3 ice beasts
  3 sky beasts
  2 black bears
  2 eyes of draining (D:9)
  4 ogres
  2 phantoms
  3 centaurs
  2 big kobolds
  A bullfrog (D:8)
  A gnoll sergeant (D:6)
  A hornet simulacrum (D:9)
  2 scorpions
  5 killer bees (D:4)
  A howler monkey (D:8)
  3 crimson imps (D:7)
  A centaur zombie (D:7)
  5 hounds
  A gnoll shaman (D:6)
  Crazy Yiuf (D:7)
  9 orc wizards
  Jessica (D:6)
  3 iguanas
  6 worker ants
  A killer bee zombie (D:5)
  3 hound zombies
  2 hound skeletons (D:7)
  Robin (D:3)
  A howler monkey zombie (D:6)
  10 gnolls
  11 adders
  A howler monkey skeleton (D:4)
  A river rat (D:3)
  2 oozes
  2 adder skeletons
  An adder zombie (D:8)
  2 worms
  3 dart slugs
  7 leopard geckos
  24 orcs
  6 ball pythons
  8 giant cockroaches
  16 goblins
  9 hobgoblins
  23 jackals
  14 kobolds
  4 quokkas
  4 bats
  5 frilled lizards
  2 leopard gecko skeletons
  A quokka skeleton (D:9)
  11 rats
252 creatures vanquished.

Vanquished Creatures (others)
  A quokka (D:4)
1 creature vanquished.

Grand Total: 253 creatures vanquished

Notes
Turn   | Place    | Note
-------+----------+-------------------------------------------
     0 | D:1      | kae the Gargoyle Fighter began the quest for the Orb.
     0 | D:1      | Reached XP level 1. HP: 14/14 MP: 1/1
   292 | D:1      | Reached XP level 2. HP: 19/19 MP: 2/2
   532 | D:1      | Reached XP level 3. HP: 23/23 MP: 3/3
  1033 | D:2      | Found a snail-covered altar of Cheibriados.
  1075 | D:2      | Reached XP level 4. HP: 23/29 MP: 4/4
  1312 | D:2      | Noticed Sigmund
  1324 | D:2      | Killed Sigmund
  1324 | D:2      | Reached XP level 5. HP: 31/34 MP: 5/5
  1326 | D:2      | Reached XP level 6. HP: 36/39 MP: 6/6
  1667 | D:2      | Found a radiant altar of Vehumet.
  1667 | D:2      | Found a burning altar of Makhleb.
  1808 | D:3      | Found a bloodstained altar of Trog.
  1808 | D:3      | Found a basalt altar of Yredelemnul.
  2240 | D:3      | Noticed Robin
  2255 | D:3      | Killed Robin
  2264 | D:3      | Reached skill level 1 in Polearms
  2376 | D:3      | Found an opulent altar of Gozag.
  2377 | D:3      | Found a glowing silver altar of Zin.
  2944 | D:4      | Reached skill level 5 in Armour
  2947 | D:4      | Reached skill level 5 in Fighting
  2947 | D:4      | Reached skill level 2 in Polearms
  2947 | D:4      | Reached XP level 7. HP: 36/44 MP: 7/7
  3685 | D:4      | Reached skill level 3 in Polearms
  3800 | D:4      | Found a staircase to the Ecumenical Temple.
  3811 | Temple   | Entered the Ecumenical Temple
  3938 | Temple   | Became a worshipper of Warmaster Okawaru
  4304 | D:4      | Found a white marble altar of Elyvilon.
  4758 | D:5      | Entered Level 5 of the Dungeon
  4998 | D:5      | Reached XP level 8. HP: 35/51 MP: 8/8
  5000 | D:5      | Reached skill level 4 in Polearms
  5420 | D:6      | Found an ancient bone altar of Kikubaaqudgha.
  5483 | D:6      | Reached * piety under Okawaru
  5488 | D:6      | Reached skill level 5 in Polearms
  5504 | D:6      | Found a sparkling altar of Nemelex Xobeh.
  5504 | D:6      | Noticed Jessica
  5507 | D:6      | Killed Jessica
  5568 | D:6      | Found a sacrificial altar of Ru.
  6380 | D:7      | Found a runed door.
  6460 | D:7      | Reached skill level 6 in Polearms
  6460 | D:7      | Reached XP level 9. HP: 41/56 MP: 9/9
  6563 | D:7      | Found Feciryru's Weapon Shoppe.
  7271 | D:7      | Noticed Crazy Yiuf
  7278 | D:7      | Killed Crazy Yiuf
  7278 | D:7      | Reached ** piety under Okawaru
  7494 | D:8      | Reached skill level 7 in Polearms
  7497 | D:8      | Noticed a two-headed ogre
  7512 | D:8      | Killed a two-headed ogre
  7903 | D:8      | Reached skill level 8 in Polearms
  7930 | D:8      | Found a staircase to the Lair.
  8028 | D:8      | Reached XP level 10. HP: 64/64 MP: 10/10
  8087 | D:8      | Found a shadowy altar of Dithmenos.
  8191 | D:8      | Reached *** piety under Okawaru
  8329 | D:9      | Found a deep blue altar of Sif Muna.
  8375 | D:9      | Noticed a two-headed ogre
  8600 | D:9      | Noticed Prince Ribbit
  8612 | D:8      | Killed a two-headed ogre
  8620 | D:9      | Reached skill level 9 in Polearms
  8624 | D:9      | Killed Prince Ribbit
  9407 | D:8      | Reached **** piety under Okawaru
 10194 | D:9      | Reached XP level 11. HP: 61/71 MP: 5/11
 10212 | D:9      | Noticed a centaur warrior
 10214 | D:9      | Noticed a four-headed hydra
 10214 | D:9      | Killed a centaur warrior
 10214 | D:9      | Reached ***** piety under Okawaru
 10214 | D:9      | Reached skill level 10 in Polearms
 10357 | D:9      | Gained mutation: You possess an exceptional clarity of mind. [potion of mutation]
 10357 | D:9      | Gained mutation: Your flesh is cold resistant. (rC+) [potion of mutation]
 10357 | D:9      | Gained mutation: You are covered in fur. (AC +1) [potion of mutation]
 10387 | D:9      | Got an encrusted scarf
 11064 | D:9      | HP: 5/108 [six-headed hydra (5)]
 11065 | D:9      | Slain by a six-headed hydra

Skill      XL: |  1  2  3  4  5  6  7  8  9 10 11 |
---------------+----------------------------------+-----
Maces & Flails | 3 4 |  4.5
Armour         | 4 5 6 8 9 |  9.8
Fighting       | 4 5 6 8 9 |  9.8
Polearms       | 2 3 6 8 9 10 | 10.2
Shields        | |  3.2

Action                   |  1- 3 |  4- 6 |  7- 9 | 10-12 || total
-------------------------+-------+-------+-------+-------++-------
Melee: Flail             |   131 |    67 |       |       ||   198
       Scythe            |       |   110 |   284 |   153 ||   547
       Halberd           |       |       |       |     5 ||     5
Invok: Heroism           |       |       |     1 |     4 ||     5
       Finesse           |       |       |       |     1 ||     1
Evoke: Wand              |       |       |     2 |       ||     2
  Use: Scroll            |     4 |     4 |     6 |     5 ||    19
       Potion            |       |     2 |     2 |     8 ||    12
 Stab: Paralysed         |       |       |     1 |       ||     1
  Eat: Chunk             |     1 |     6 |    17 |     8 ||    32
       Royal jelly       |       |       |       |     1 ||     1
Armor: Scale mail        |    81 |   152 |   241 |   147 ||   621
       Skin              |       |    96 |     5 |     5 ||   106
Dodge: Dodged            |    47 |   115 |   186 |    96 ||   444
Block: Shield            |    78 |    31 |       |       ||   109
